 Dungeon Crawl Stone Soup version 0.18-a0-1773-gec4f98e (webtiles) character file.

2424 dobroeutro the Covered (level 9, 0/57 HPs)
             Began as a Gargoyle Fighter on Apr 14, 2016.
             Was an Initiate of Okawaru.
             Slain by an unseen horror (5 damage)
             ... on level 7 of the Dungeon.
             The game lasted 00:19:56 (6359 turns).

dobroeutro the Covered (Gargoyle Fighter)           Turns: 6359, Time: 00:19:57

Health: 0/57       AC: 21    Str: 23    XL:     9   Next: 48%
Magic:  9/9        EV:  3    Int:  8    God:    Okawaru [......]
Gold:   315        SH: 11    Dex: 10    Spells: 0 memorised, 8 levels left

rFire  . . .     SeeInvis .     C - +2 flail (protect)
rCold  + . .     Gourm    .     b - +0 scale mail
rNeg   + . .     Faith    .     c - +0 shield
rPois  ∞         Spirit   .     (helmet restricted)
rElec  +         Dismiss  .     (no cloak)
rCorr  .         Reflect  .     t - +1 pair of gloves
SustAt .         Harm     .     (no boots)
MR     .....     Rnd*Rage +     (no amulet)
Stlth  ..........               (no ring)
                                l - ring of protection from cold

@: not resistant to hostile enchantments, extremely unstealthy
A: hooves 1, horns 1, berserk 1, negative energy resistance 1, electricity
resistance, unbreathing, petrification resistance, rot immunity, AC +5
a: Renounce Religion


You were on level 7 of the Dungeon.
You worshipped Okawaru.
Okawaru was noncommittal.
You were not hungry.

You visited 2 branches of the dungeon, and saw 8 of its levels.

You collected 315 gold pieces.

Inventory:

Hand Weapons
 C - a +2 flail of protection (weapon)
Armour
 b - a +0 scale mail (worn)
 c - a +0 shield (worn)
 s - a +0 helmet
 t - a +1 pair of gloves (worn)
Jewellery
 l - a ring of protection from cold (left hand)
Wands
 u - a wand of disintegration (9/24)
 w - a wand of flame (24/48)
 y - a wand of flame (22/48)
 D - a wand of iceblast (11/15)
Scrolls
 a - a scroll of blinking {unknown}
 e - 6 scrolls of identify {unknown}
 g - a scroll of fear {unknown}
 h - 4 scrolls of remove curse {unknown}
 j - a scroll of fog {unknown}
 k - 3 scrolls of teleportation {unknown}
 m - 3 scrolls of enchant weapon {unknown}
 n - 4 scrolls of recharging {unknown}
 q - a scroll of noise {unknown}
 v - a scroll of immolation {unknown}
 x - a scroll of magic mapping {unknown}
Potions
 d - a potion of might
 i - 2 potions of mutation {unknown}
 p - a potion of invisibility {unknown}
 z - a potion of magic {unknown}
 A - 2 potions of haste
 F - a potion of degeneration {unknown}
Comestibles
 f - 5 bread rations
 o - 2 beef jerkies
 r - 2 meat rations
 B - a slice of pizza


   Skills:
 + Level 7.6 Fighting
 + Level 6.5 Maces & Flails
 + Level 7.7 Armour
 + Level 7.4 Shields


You had 8 spell levels left.
You didn't know any spells.

Dungeon Overview and Level Annotations

Branches:
Dungeon (7/15)             Temple (1/1) D:6

Altars:
Ashenzari
Cheibriados
Dithmenos
Elyvilon
Gozag
Kikubaaqudgha
Makhleb
Nemelex Xobeh
Okawaru
Pakellas
Qazlal
Ru
Sif Muna
Trog
Vehumet
Xom
Yredelemnul
Zin
The Shining One


Innate Abilities, Weirdness & Mutations

You are resistant to torment.
Your stone body is resilient (AC +5).
You are immune to poison.
You resist negative energy.
You are resistant to electric shocks.
You can survive without breathing.
You are immune to petrification.
You are immune to rotting.
You have large cloven feet.
You have a pair of small horns on your head.
You tend to lose your temper in combat.


Message History

* * * LOW HITPOINT WARNING * * *
You block the gnoll's attack. Something hits you but does no damage.
The gnoll sergeant hits you but does no damage.
There is an open door here.
Things that are here:
a club; a gnoll corpse The gnoll sergeant completely misses you.
You block something's attack. Something hits you.
* * * LOW HITPOINT WARNING * * *
Something hits you.
* * * LOW HITPOINT WARNING * * *
Something hits you.
* * * LOW HITPOINT WARNING * * *
Something hits you but does no damage.
There is a stone staircase leading up here.
You can't go down here!
Something hits you.
You die...

#########.# ##
#.@.......#...
#.....##....<.
#.g....# .....
#..g...#......
#.........(...
####)#........
#.)......#..
#.)...#..#
..!###.#..#


You could see a gnoll sergeant and a gnoll.

Vanquished Creatures
  The ghost of dobroeutro the Shield-Bearer, a novice GrFi (D:4)
  Sigmund (D:2)
  An orc warrior (D:4)
  A sky beast (D:5)
  An ogre (D:5)
  2 phantoms (D:4)
  A centaur (D:6)
  A giant frog (D:6)
  2 scorpions
  2 crimson imps
  A giant frog zombie (D:6)
  6 orc priests
  4 hounds
  6 orc wizards
  2 centaur skeletons
  2 jellies (D:6)
  3 giant frog skeletons (D:4)
  Natasha (thrice) (D:4)
  Terence (D:2)
  5 worker ants
  A hound zombie (D:7)
  5 hound skeletons
  A howler monkey zombie (D:6)
  Robin (D:4)
  3 worker ant zombies (D:4)
  4 gnolls
  4 adders
  An ooze (D:4)
  An adder zombie (D:4)
  An adder skeleton (D:5)
  3 dart slugs
  3 giant geckos
  16 orcs
  2 ball pythons (D:3)
  5 giant cockroaches
  13 goblins
  6 hobgoblins
  5 jackals
  7 kobolds
  2 quokkas
  6 bats
  A giant gecko zombie (D:4)
  4 giant newts
  2 jackal zombies
  3 quokka zombies (D:4)
  6 rats
152 creatures vanquished.

Notes
Turn   | Place    | Note
--------------------------------------------------------------
     0 | D:1      | dobroeutro the Gargoyle Fighter began the quest for the Orb.
     0 | D:1      | Reached XP level 1. HP: 14/14 MP: 1/1
   493 | D:1      | Reached XP level 2. HP: 19/19 MP: 2/2
   893 | D:2      | Noticed Terence
   908 | D:2      | Killed Terence
   908 | D:2      | Reached XP level 3. HP: 22/23 MP: 3/3
   991 | D:2      | Noticed Sigmund
  1007 | D:2      | Killed Sigmund
  1007 | D:2      | Reached XP level 4. HP: 13/30 MP: 4/4
  1007 | D:2      | Reached XP level 5. HP: 15/34 MP: 5/5
  1035 | D:2      | Found an oddly glowing altar of Pakellas.
  1213 | D:2      | Found a sacrificial altar of Ru.
  1379 | D:3      | Reached XP level 6. HP: 36/39 MP: 6/6
  1566 | D:3      | Found a deep blue altar of Sif Muna.
  1963 | D:3      | Found a bloodstained altar of Trog.
  2354 | D:4      | Noticed Robin
  2396 | D:4      | Killed Robin
  2473 | D:4      | Reached skill level 5 in Armour
  2497 | D:4      | Noticed an orc warrior
  2499 | D:4      | Noticed Natasha
  2499 | D:4      | Reached skill level 5 in Fighting
  2499 | D:4      | Reached skill level 5 in Shields
  2499 | D:4      | Reached XP level 7. HP: 42/44 MP: 7/7
  2865 | D:4      | Killed Natasha
  2947 | D:4      | Noticed dobroeutro's ghost (novice GrFi)
  3769 | D:4      | Killed dobroeutro's ghost
  3769 | D:4      | Reached XP level 8. HP: 17/51 MP: 8/8
  4002 | D:4      | Noticed Natasha
  4006 | D:4      | Killed Natasha
  4045 | D:4      | Noticed Natasha
  4057 | D:4      | Killed Natasha
  4092 | D:4      | Reached skill level 5 in Maces & Flails
  4546 | D:5      | Entered Level 5 of the Dungeon
  4554 | D:5      | Found a basalt altar of Yredelemnul.
  4573 | D:5      | Found a sparkling altar of Nemelex Xobeh.
  4574 | D:5      | Found a shattered altar of Ashenzari.
  4574 | D:5      | Found a glowing golden altar of the Shining One.
  5150 | D:5      | Gained mutation: You are clumsy. (Dex -2) [mutagenic meat]
  5151 | D:5      | Gained mutation: You have large cloven feet. [mutagenic meat]
  5152 | D:5      | Gained mutation: You have a pair of small horns on your head. [mutagenic meat]
  5153 | D:5      | Gained mutation: You tend to lose your temper in combat. [mutagenic meat]
  5154 | D:5      | Lost mutation: You are clumsy. (Dex -2) [mutagenic meat]
  5177 | D:5      | Reached XP level 9. HP: 45/56 MP: 9/9
  5533 | D:6      | Found a sparkling altar of Nemelex Xobeh.
  6055 | D:6      | Found a staircase to the Ecumenical Temple.
  6088 | Temple   | Entered the Ecumenical Temple
  6145 | Temple   | Became a worshipper of Warmaster Okawaru
  6359 | D:7      | Slain by an unseen horror

Vault maps used:
D:1:      arrival_zaba_pyramid
D:2:      grunt_pakellas_basics, nicolae_ru_awakened_eye, uniq_sigmund,
          uniq_terence
D:3:      led_sif_pool, first_bread, trog_hazing_becter
D:4:      serial_undead, serial_undead_f, serial_undead_d, serial_undead_a,
          serial_undead_b, serial_undead_c, serial_undead_d, serial_undead_d,
          uniq_robin, uniq_natasha
D:5:      minitemple
D:6:      minmay_temple_entry_grid, basic_altar
Temple:   circular_temple_12

Skill      XL: |  1  2  3  4  5  6  7  8  9 |
---------------+----------------------------+-----
Fighting       | 4 5 6 7 |  7.6
Maces & Flails | 3 4 5 6 |  6.5
Armour         | 4 5 6 7 |  7.7
Shields        | 4 5 6 7 |  7.4

Action                   |  1- 3 |  4- 6 |  7- 9 || total
-------------------------+-------+-------+-------++-------
Melee: Flail             |    59 |   239 |   540 ||   838
       Kick              |       |       |    38 ||    38
       Headbutt          |       |       |    30 ||    30
  Eat: Chunk             |       |     6 |    12 ||    18
       Meat ration       |       |       |     1 ||     1
       Pizza             |       |       |     1 ||     1
Armor: Scale mail        |    37 |   170 |   344 ||   551
Dodge: Dodged            |    17 |    85 |   141 ||   243
Block: Shield            |    33 |   161 |   293 ||   487
